 Dungeon Crawl Stone Soup version 0.28-a0-863-g8cecda6153 (webtiles) character file.

Game seed: 148477169036765458

2931 senseless the Protected (level 9, -5/86 HPs)
             Began as a Deep Dwarf Fighter on Nov 16, 2021.
             Was a Believer of the Shining One.
             Killed from afar by an oklob plant (10 damage)
             ... with a splash of acid
             ... created by the enmity of Fedhas Madash
             ... on level 6 of the Dungeon.
             The game lasted 00:24:55 (5594 turns).

senseless the Protected (Deep Dwarf Fighter)        Turns: 5594, Time: 00:24:56

Health: -5/86      AC:  8    Str: 29    XL:     9   Next: 50%
Magic:  3/3        EV:  9    Int:  9    God:    the Shining One [**....]
Gold:   513        SH:  5    Dex: 12    Spells: 8/8 levels left

rFire   . . .      SeeInvis .   a - +0 war axe (venom)
rCold   . . .      Faith    .   c - +0 buckler
rNeg    + . .      Spirit   .   f - +0 chain mail
rPois   +          Reflect  .   q - +0 helmet
rElec   .          Harm     .   (no cloak)
rCorr   .          Rampage  .   (no gloves)
Will    +....                   (no boots)
Stlth   ..........              r - amulet of magic regeneration
HPRegen 0.00/turn               n - +6 ring of strength
MPRegen 0.33/turn               t - ring of poison resistance

@: corroded, glowing
A: damage resistance, heal wounds, sense surroundings 2, no regeneration
a: Heal Wounds, Renounce Religion, Divine Shield


You were on level 6 of the Dungeon.
You worshipped the Shining One.
The Shining One was pleased with you.
You visited 1 branch of the dungeon, and saw 6 of its levels.
You also visited: Ossuary.

You collected 513 gold pieces.

Inventory:

Hand Weapons
 a - a +0 war axe of venom (weapon)
 k - a +2 dagger of venom
 w - a +0 vorpal flail
 y - a +1 vorpal spear
Missiles
 m - 5 javelins
 p - 12 poisoned darts
 A - a throwing net
Armour
 c - a +0 buckler (worn)
 f - a +0 chain mail (worn)
 q - a +0 helmet (worn)
Jewellery
 l - a ring of fire
 n - a +6 ring of strength (left hand)
 r - an amulet of magic regeneration (around neck)
 t - a ring of poison resistance (right hand)
 z - a ring of protection from fire
Wands
 s - a wand of polymorph (8)
Scrolls
 d - 2 scrolls of teleportation
 g - a scroll of fog
 h - 3 scrolls of vulnerability
Potions
 b - a potion of lignification
 e - a potion of cancellation
 i - 6 potions of curing
 j - 3 potions of heal wounds
 o - 2 potions of resistance {unknown}
 u - 2 potions of flight {unknown}
 v - 2 potions of might
 x - a potion of degeneration {unknown}


   Skills:
 + Level 7.3 Fighting
 + Level 8.4 Axes
 + Level 8.8 Armour
 - Level 4.8 Shields


You had 8 spell levels left.
You didn't know any spells.
Your spell library contained the following spells:

 Spells                   Type           Power      Damage    Failure   Level
 Freeze                   Ice            0%         1d3       86%         1
 Sandblast                Erth           0%         2d4       86%         1
 Passwall                 Tmut/Erth      0%         N/A       95%         2
 Frozen Ramparts          Ice            0%         1d2       99%         3
 Gell's Gravitas          Tloc           0%         N/A       99%         3
 Stone Arrow              Conj/Erth      0%         3d7       99%         3
 Teleport Other           Tloc           0%         N/A       99%         3
 Hailstorm                Conj/Ice       0%         3d3       100%        4
 Dispersal                Tloc           0%         N/A       100%        6


Dungeon Overview and Level Annotations

Branches:
Dungeon (6/15)             Temple (0/1) D:5         Ossuary (visited)

Altars:
Fedhas
Gozag
Nemelex Xobeh
Sif Muna
Vehumet
The Shining One

Annotations:
D:6 exclusion: oklob plant


Innate Abilities, Weirdness & Mutations

You are resistant to damage.
You can heal yourself by infusing magical energy.
You passively map the area around you.
You do not regenerate.


Message History

The oklob plant looks as sick as possible!
The oklob plant is lightly damaged.
You hit the oklob plant.
The oklob plant is lightly damaged.
You hit the oklob plant.
The oklob plant looks as sick as possible!
The oklob plant is moderately damaged.
You hit the oklob plant but do no damage.
The oklob plant is moderately damaged.
You hit the oklob plant.
The oklob plant is moderately damaged.
You hit the oklob plant but do no damage.
The oklob plant is moderately damaged.
The oklob plant spits acid at you. The splash of acid hits you.
The acid corrodes you!
You completely miss the oklob plant.
The oklob plant is moderately damaged.
The oklob plant spits acid at you. The splash of acid hits you!
You hit the oklob plant but do no damage.
The oklob plant looks as sick as possible!
The oklob plant is moderately damaged.
You hit the oklob plant.
The oklob plant is heavily damaged.
You slash the oklob plant!
The oklob plant is heavily damaged.
The oklob plant spits acid at you. The splash of acid hits you!!
You hit the oklob plant but do no damage.
The oklob plant looks as sick as possible!
The oklob plant is severely damaged.
The oklob plant spits acid at you. The splash of acid hits you!!
* * * LOW HITPOINT WARNING * * *
You hit the oklob plant.
The oklob plant looks as sick as possible!
The oklob plant is severely damaged.
The oklob plant spits acid at you. The splash of acid hits you!
You die...

##......##.#
.........#.#
...........#
######.#####
.......# .#####.# *
**## .#####.# ,, ,,
,.# .#.....# *
*###.## .#.#####* *
#.@P.# ....# * *
#.#### ##..# >,*
#.# ##..# * #.#
....# #.# ###.#
#.### ....# #...#
#################.#
#................#


You could see an oklob plant (extremely poisoned).

Vanquished Creatures
  An oklob plant (D:6)
  Grinder (D:5)
  Sigmund (D:2)
  3 yaks (D:4)
  Eustachio (D:4)
  A steam dragon (D:6)
  A water moccasin (D:4)
  A sky beast (D:5)
  2 ice beasts (D:5)
  2 black bears
  A necrophage (D:3)
  An ogre (D:4)
  A phantom (D:5)
  2 scorpions (D:6)
  A gnoll sergeant (D:6)
  A water moccasin skeleton (D:5)
  A howler monkey (D:5)
  3 orc priests (D:5)
  A centaur skeleton (D:5)
  A gnoll shaman (D:4)
  3 hounds (D:6)
  2 bullfrog skeletons
  An iguana (D:4)
  5 orc wizards (D:6)
  Terence (D:2)
  A hound zombie (D:5)
  8 mummies (Ossuary)
  A howler monkey zombie (D:5)
  8 gnolls
  4 adders
  2 dart slugs
  A worm (D:4)
  10 orcs
  7 bats
  10 endoplasms
  2 giant cockroaches
  8 goblins
  5 hobgoblins
  A jackal (D:2)
  2 quokkas
  5 ball pythons
  3 frilled lizards
  A goblin zombie (D:6)
  4 hobgoblin zombies (Ossuary)
  12 kobolds
  4 kobold zombies (Ossuary)
  6 rats
  A rat zombie (D:6)
145 creatures vanquished.

Notes
Turn   | Place    | Note
-------+----------+-------------------------------------------
     0 | D:1      | senseless the Deep Dwarf Fighter began the quest for the
                  | Orb.
     0 | D:1      | Reached XP level 1. HP: 20/20 MP: 1/1
   435 | D:1      | Reached XP level 2. HP: 27/27 MP: 2/2
   575 | D:1      | Found a faded altar of an unknown god.
   588 | D:1      | Prayed at the altar of an unknown god.
   588 | D:1      | Became a worshipper of Fedhas Madash
   588 | D:1      | Reached * piety under Fedhas
  1253 | D:2      | Reached XP level 3. HP: 30/34 MP: 3/3
  1300 | D:2      | Noticed Terence
  1314 | D:2      | Killed Terence
  1331 | D:2      | Reached ** piety under Fedhas
  1427 | D:2      | Noticed Sigmund
  1440 | D:2      | Killed Sigmund
  1441 | D:2      | Reached XP level 4. HP: 15/44 MP: 4/4
  1441 | D:2      | Reached XP level 5. HP: 17/50 MP: 5/5
  1797 | D:3      | Noticed a necrophage
  1990 | D:3      | Killed a necrophage
  1991 | D:3      | Reached XP level 6. HP: 38/57 MP: 5/5
  2571 | D:4      | Reached skill level 5 in Armour
  2822 | D:4      | Noticed a yak
  2837 | D:4      | Killed a yak
  2838 | D:4      | Reached XP level 7. HP: 40/66 MP: 6/6
  2862 | D:4      | Noticed Eustachio
  2866 | D:4      | Noticed a yak
  2870 | D:4      | Noticed a yak
  2911 | D:4      | HP: 1/66 [water moccasin (6)]
  2919 | D:4      | Reached skill level 5 in Axes
  2926 | D:4      | Killed Eustachio
  2927 | D:4      | Reached skill level 5 in Fighting
  2927 | D:4      | Killed a yak
  2928 | D:4      | Reached XP level 8. HP: 11/74 MP: 5/5
  3066 | D:4      | Reached *** piety under Fedhas
  3135 | D:4      | Found a large runed translucent door.
  3136 | D:4      | Found a large runed translucent door.
  3556 | D:4      | Found a glowing golden altar of the Shining One.
  3563 | D:4      | Found a shimmering blue altar of Sif Muna.
  3574 | D:4      | Fell from the grace of Fedhas
  3574 | D:4      | Became a worshipper of the Shining One
  3606 | D:5      | Entered Level 5 of the Dungeon
  3651 | D:5      | Found a staircase to the Ecumenical Temple.
  3771 | D:5      | Found a radiant altar of Vehumet.
  3940 | D:5      | Noticed Grinder
  3952 | D:5      | Killed Grinder
  4031 | D:5      | Gained mutation: You passively map the area around you.
                  | [Deep Dwarf growth]
  4031 | D:5      | Reached XP level 9. HP: 55/85 MP: 4/4
  4190 | D:5      | Reached * piety under the Shining One
  4634 | D:6      | Found a sparkling altar of Nemelex Xobeh.
  4635 | D:6      | Found an opulent altar of Gozag.
  4684 | D:6      | Found a sand-covered staircase.
  4704 | Ossuary  | Entered an ossuary
  4717 | Ossuary  | Reached ** piety under the Shining One
  5542 | D:6      | Noticed an oklob plant
  5550 | D:6      | Killed an oklob plant
  5580 | D:6      | Noticed an oklob plant
  5594 | D:6      | Killed from afar by an oklob plant

Illustrated notes

Levels and vault maps discovered:
D:1:      dpeg_cavernosity, layout_basic, ebering_ecumenical_altar_sacrificial
D:2:      layout_rooms, minmay_tetromino_t4, uniq_terence, uniq_sigmund
D:3:      layout_basic, st_stairs_5
D:4:      layout_loops_corners, jmf_multi_god_temple2, uniq_eustachio
D:5:      layout_loops_corners, mainiacjoe_overflow_alcove_1,
          minmay_temple_entry_glass, minmay_liquid_box, uniq_grinder
D:6:      minmay_flawed_box, layout_basic, grunt_temple_overflow_opulence,
          enter_ossuary_4

Skill      XL: |  1  2  3  4  5  6  7  8  9 |
---------------+----------------------------+-----
Fighting       | 3 4 5 6 7 |  7.3
Axes           | 3 4 5 7 8 |  8.4
Armour         | 4 5 6 7 8 |  8.8
Shields        | 4 |  4.8

Action                   |  1- 3 |  4- 6 |  7- 9 || total
-------------------------+-------+-------+-------++-------
Melee: War axe           |   113 |    90 |   319 ||   522
Invok: Wall of Briars    |       |       |     1 ||     1
 Abil: Heal Wounds       |     1 |     3 |    16 ||    20
  Use: Potion            |     1 |       |     2 ||     3
       Scroll            |       |       |    12 ||    12
Armor: Chain mail        |    52 |    31 |   134 ||   217
       Scale mail        |     7 |       |       ||     7
Dodge: Dodged            |    42 |    34 |    85 ||   161
Block: Buckler           |    27 |    20 |    64 ||   111

Table legend: (Time is in decaauts)
 A = Elapsed time spent in this place.
 B = Non-inter-level travel time spent in this place.
 C = Inter-level travel time spent in this place.
 D = Time resting spent in this place.
 E = Time spent auto-exploring this place.
 F = Levels seen in this place.
 G = Mean time per level.
                   A        B        C        D        E       F      G
               +--------+--------+--------+--------+--------+-----+--------+
         Total |   5715 |   5503 |    212 |     52 |   4099 |   7 |  816.4 |
       Dungeon |   5527 |   5315 |    212 |     52 |   4005 |   6 |  921.2 |
       Ossuary |    188 |    188 |      0 |      0 |     94 |   1 |  188.0 |
               +--------+--------+--------+--------+--------+-----+--------+

Top non-repeatable levels by time:
     D:1: 1223 daAuts
     D:4: 1111 daAuts
     D:5: 1000 daAuts
     D:3: 838 daAuts
     D:6: 822 daAuts
     D:2: 531 daAuts
 Ossuary: 188 daAuts
